 Dungeon Crawl Stone Soup version 0.25-a0-194-gece12570e2 (webtiles) character file.

Game seed: 8117303779391654258, levelgen mode: deterministic

127 Flugkiller the Vexing (level 4, 0/25 HPs)
             Began as a Deep Elf Arcane Marksman on Nov 30, 2019.
             Was a Believer of Uskayaw.
             Slain by a centaur skeleton (2 damage)
             ... on level 4 of the Dungeon.
             The game lasted 00:09:42 (5569 turns).

Flugkiller the Vexing (Deep Elf Arcane Marksman)    Turns: 5569, Time: 00:09:43

Health: 0/25       AC:  2    Str:  6 (7)  XL:     4   Next: 85%
Magic:  9/12       EV: 13    Int: 16 (18) God:    Uskayaw [**....]
Gold:   189        SH:  0    Dex: 16      Spells: 2/11 levels left

rFire    . . .     SeeInvis .   b - +2 dagger (flame)
rCold    . . .     Gourm    .   (no shield)
rNeg     . . .     Faith    .   e - +0 robe
rPois    .         Spirit   .   (no helmet)
rElec    .         Reflect  .   (no cloak)
rCorr    .         Harm     .   (no gloves)
MR       .....                  (no boots)
Stlth    +++.......             q - amulet of regeneration (curse)
HPRegen  0.48/turn              l - ring of stealth
MPRegen  0.13/turn              r - ring of stealth

@: hasted, very quick
A: no striking features
a: Stomp, Line Pass, Renounce Religion


You were on level 4 of the Dungeon.
You worshipped Uskayaw.
Uskayaw was noncommittal.
You were not hungry.

You visited 1 branch of the dungeon, and saw 4 of its levels.

You collected 189 gold pieces.

Inventory:

Hand Weapons
 a - a +0 shortbow
 b - a +2 dagger of flaming (weapon)
   (You took it off a kobold on level 2 of the Dungeon)
Missiles
 c - 4 silver boomerangs (quivered)
 d - 52 arrows
 u - 220 stones
Armour
 e - a +0 robe (worn)
Jewellery
 l - a ring of stealth (left hand)
   (You found it on level 2 of the Dungeon)
 q - a cursed amulet of regeneration (around neck)
   (You found it on level 3 of the Dungeon)
 r - a ring of stealth (right hand)
   (You found it on level 2 of the Dungeon)
 s - an uncursed ring of magical power
   (You found it on level 2 of the Dungeon)
Scrolls
 g - 4 scrolls of identify
 j - a scroll of random uselessness {unknown}
 k - 2 scrolls of blinking {unknown}
 m - a scroll of remove curse {unknown}
 n - 2 scrolls of magic mapping {unknown}
 p - 4 scrolls of teleportation
 t - 4 scrolls of enchant armour {unknown}
Potions
 f - a potion of flight
 h - 3 potions of cancellation
 o - 2 potions of degeneration
Comestibles
 v - 4 chunks of flesh


   Skills:
 + Level 1.2 Fighting
 + Level 2.7 Bows
 + Level 3.0 Dodging
 - Level 4.0 Spellcasting
 - Level 5.4 Hexes


You had 2 spell levels left.
You knew the following spells:

 Your Spells              Type           Power        Failure   Level  Hunger
a - Corona                Hex            ###....      1%          1    None
b - Slow                  Hex            ###.....     2%          2    ##.....
c - Inner Flame           Hex/Fire       ##......     17%         3    ###....
d - Portal Projectile     Hex/Tloc       ##....       17%         3    ###....

Your spell library contained the following spells:

 Spells                   Type           Power        Failure   Level  Hunger
 Cause Fear               Hex            ###.......   19%         4    ####...
 Leda's Liquefaction      Hex/Erth       ##........   50%         4    ####...


Dungeon Overview and Level Annotations

Branches:
Dungeon (4/15)
 Temple: D:4-7

Altars:
Trog
Uskayaw


Message History

Aim: a hound (chance to defeat MR: 67%)
The hound seems to slow down.
The hound misses you.
You hit the hound but do no damage.
You feel sick. The hound closely misses you.
You completely miss the hound. The hound bites you.
You hit the hound but do no damage. The hound closely misses you.
You hit the hound. You burn the hound.
The hound is moderately wounded.
The hound misses you.
You can now pass through a line of other dancers.
You hit the hound but do no damage.
The hound is moderately wounded.
You feel sick. The hound bites you.
You hit the hound. You burn the hound.
The hound is severely wounded.
The hound bites you.
You closely miss the hound.
The hound is severely wounded.
The hound bites you.
You closely miss the hound.
The hound is severely wounded.
The hound bites you.
* * * LOW HITPOINT WARNING * * *
The centaur skeleton barely misses you.
You hit the hound. You burn the hound.
The hound is almost dead.
You feel sick. The hound bites you.
* * * LOW HITPOINT WARNING * * *
The centaur skeleton hits you.
* * * LOW HITPOINT WARNING * * *
It was a potion of curing.
You feel better. The hound bites you.
* * * LOW HITPOINT WARNING * * *
The centaur skeleton barely misses you.
As you read the scroll labeled GEBLOG CELUNGU, it crumbles to dust.
It is a scroll of identify.
f - a potion of flight The centaur skeleton misses you.
The hound closely misses you. The centaur skeleton hits you!
* * * LOW HITPOINT WARNING * * *
Unknown command.
Okay, then.
It was a potion of haste.
You feel yourself speed up. The hound barely misses you.
The centaur skeleton misses you.
Okay, then.
You hit the hound. You burn the hound.
You kill the hound!
You feel your dexterity returning.
Your Dodging skill increases to level 3!
The centaur skeleton hits you.
You die...

#..#.. ...
#..#.# ....
#..#.##......
#..÷.........
#..#.#.......
#.÷#.........
#<.###!......
#...###......
#...Z@.......
#...###.....#
#..## .....
#..# ....
#..# ### #..#
#..# #..#
#..#


You could see a centaur skeleton.

Vanquished Creatures
  A hound (D:4)
  2 adders
  A worm (D:2)
  A dart slug (D:1)
  2 leopard geckos (D:1)
  3 orcs (D:3)
  5 bats
  4 giant cockroaches
  6 goblins
  8 hobgoblins
  7 jackals
  A quokka (D:3)
  A ball python (D:1)
  A frilled lizard (D:3)
  11 kobolds
  12 rats
66 creatures vanquished.

Notes
Turn   | Place    | Note
-------+----------+-------------------------------------------
     0 | D:1      | Flugkiller the Deep Elf Arcane Marksman began the quest for
                  | the Orb.
     0 | D:1      | Reached XP level 1. HP: 11/11 MP: 5/5
   636 | D:1      | Reached XP level 2. HP: 16/16 MP: 7/7
   645 | D:1      | Learned a level 2 spell: Slow
  1771 | D:2      | Reached XP level 3. HP: 20/20 MP: 9/9
  2253 | D:2      | Reached skill level 5 in Hexes
  4246 | D:2      | Found a hide-covered altar of Uskayaw.
  4618 | D:2      | Became a worshipper of Uskayaw the Reveler
  4657 | D:3      | Found a bloodstained altar of Trog.
  4937 | D:3      | Reached * piety under Uskayaw
  5147 | D:3      | Reached XP level 4. HP: 22/24 MP: 11/11
  5271 | D:3      | Learned a level 3 spell: Inner Flame
  5275 | D:3      | Learned a level 3 spell: Portal Projectile
  5555 | D:4      | Reached skill level 1 in Fighting
  5560 | D:4      | Reached ** piety under Uskayaw
  5567 | D:4      | HP: 1/25 [centaur skeleton (8)]
  5569 | D:4      | Slain by a centaur skeleton

Levels and vault maps discovered:
D:1:      lemuel_arrival_funnel, layout_basic
D:2:      minmay_evil_eye, layout_basic, old_standard_altar, st_stairs_1,
          ebering_dispersal_statue_hall
D:3:      layout_basic, lemuel_round_altar
D:4:      layout_loops_ring, kennysheep_vampire_church,
          gammafunk_temple_overflow_pools

Skill      XL: |  1  2  3  4 |
---------------+-------------+-----
Spellcasting   | 2 3 4 |  4.0
Hexes          | 5 |  5.4
Fighting       | 1 |  1.2
Dodging        | 3 |  3.0
Bows           | |  2.7

Action                   |  1- 3 |  4- 6 || total
-------------------------+-------+-------++-------
Melee: Dagger            |   238 |    29 ||   267
 Fire: Shortbow          |    46 |    14 ||    60
Throw: Boomerang         |    17 |       ||    17
 Cast: Slow              |    29 |     8 ||    37
       Corona            |    11 |     2 ||    13
  Use: Potion            |       |     4 ||     4
       Scroll            |       |     2 ||     2
 Stab: Sleeping          |    12 |     2 ||    14
  Eat: Chunk             |     5 |     1 ||     6
       Ration            |     3 |       ||     3
Armor: Robe              |    48 |     1 ||    49
Dodge: Dodged            |   219 |    40 ||   259

Table legend:
 A = Non-vault XP
 B = Vault XP
 C = Vault XP percentage of total XP
 D = Non-vault monster count
 E = Vault monster count
 F = Vault count percentage of total count
                 A         B        C        D         E       F
            +---------+---------+-------+---------+---------+-------
      Total |     176 |       6 |   3.3 |      61 |       5 |   7.6
            +---------+---------+-------+---------+---------+-------
        D:1 |      34 |       0 |   0.0 |      19 |       0 |   0.0
        D:2 |      32 |       6 |  15.8 |      17 |       5 |  22.7
        D:3 |      49 |       0 |   0.0 |      20 |       0 |   0.0
        D:4 |      61 |       0 |   0.0 |       5 |       0 |   0.0
            +---------+---------+-------+---------+---------+-------
